 Dungeon Crawl Stone Soup version 0.29.1-1-gd02db6906a (webtiles) character file.

Game seed: 5751303251657204111

142 LustLizard the Slasher (level 5, -3/39 (40) HPs)
             Began as a Demonspawn Gladiator on Oct 3, 2022.
             Killed from afar by a white imp (5 damage)
             ... with a puff of frost
             ... summoned by Eustachio
             ... on level 4 of the Dungeon.
             The game lasted 00:06:14 (3667 turns).

LustLizard the Slasher (Demonspawn Gladiator)       Turns: 3667, Time: 00:06:14

HP:   -3/39 (40)    AC: 13    Str: 16    XL:     5   Next: 4%
MP:   5/5           EV: 12    Int: 11    God:
Gold: 124           SH:  4    Dex: 15    Spells: 4/4 levels left

rFire   . . .      SeeInvis +   a - +0 long sword
rCold   . . .      Faith    .   (no shield)
rNeg    + . .      Spirit   .   t - +2 ring mail {rN+}
rPois   .          Reflect  .   c - +0 helmet
rElec   .          Harm     .   n - +0 cloak "Boxziydi" {Int+2 SInv Stlth+}
rCorr   .          Rampage  .   i - +0 pair of gloves
Will    .....                   (no boots)
Stlth   ++........              (no amulet)
HPRegen 0.13/turn               (no ring)
MPRegen 0.09/turn               (no ring)

@: mighty, attractive, lightly drained
A: slimy green scales 2, condensation shield
a: no special abilities


You were on level 4 of the Dungeon.
You visited 1 branch of the dungeon, and saw 4 of its levels.

You collected 124 gold pieces.

Inventory:

Hand Weapons
 a - a +0 long sword (weapon)
Missiles
 d - 3 throwing nets
 e - a javelin
 l - 49 stones (quivered)
Armour
 b - a +0 leather armour
 c - a +0 helmet (worn)
 g - a +0 ring mail
 i - a +0 pair of gloves (worn)
 n - the +0 cloak "Boxziydi" (worn) {Int+2 SInv Stlth+}
   (You found it on level 2 of the Dungeon)

   Int:       It affects your intelligence (+2).
   SInv:      It lets you see invisible.
   Stlth:     It makes you more stealthy.
 t - a +2 ring mail of positive energy (worn)
Wands
 w - a wand of roots (2)
Scrolls
 f - 2 scrolls of teleportation {unknown}
 h - 2 scrolls of identify {unknown}
 o - a scroll of brand weapon {unknown}
 q - a scroll of poison {unknown}
Potions
 j - a potion of haste {unknown}
 k - a potion of attraction
 m - a potion of might
 p - a potion of ambrosia {unknown}
 r - a potion of mutation {unknown}
 s - a potion of magic {unknown}
 u - a potion of heal wounds {unknown}
 v - a potion of lignification {unknown}


   Skills:
 + Level 2.9 Fighting
 * Level 3.9 Long Blades
 + Level 2.6 Throwing
 + Level 3.3 Dodging


You had 4 spell levels left.
You didn't know any spells.
Your spell library was empty.

Dungeon Overview and Level Annotations

Branches:
Dungeon (4/15)
 Temple: D:4-7

Altars:

Shops:
D:1 :

Annotations:
D:2 Sigmund
D:4 Eustachio


Innate Abilities, Weirdness & Mutations

You are mostly covered in slimy green scales. (AC +3)
A meltable shield of frost defends you. (SH +4)


Message History

The puff of frost hits you. Eustachio barely misses you.
The iron imp hits you but does no damage.
The iron imp barely misses you.
Eustachio hits you with a +1 rapier of freezing.
* * * LOW HITPOINT WARNING * * *
Eustachio freezes you.
* * * LOW HITPOINT WARNING * * *
The white imp gestures at you. The puff of frost hits you.
* * * LOW HITPOINT WARNING * * *
Okay, then.
It was a potion of attraction.
You feel attractive to monsters. The iron imp closely misses you.
You block the iron imp's attack. You block the white imp's attack.
Eustachio casts a spell.
Eustachio blinks!
Eustachio is attracted toward you.
It was a potion of might.
You feel very mighty all of a sudden. The iron imp hits you.
* * * LOW HITPOINT WARNING * * *
The iron imp hits you but does no damage.
The white imp picks up a beetle and eats it.
The white imp gestures at you. The puff of frost hits you.
* * * LOW HITPOINT WARNING * * *
Eustachio is attracted toward you.
Okay, then.
You closely miss Eustachio.
Eustachio is moderately wounded.
The iron imp disappears in a puff of smoke! x2
The white imp gestures at you. The puff of frost misses you.
Eustachio mumbles some strange words.
Eustachio blinks!
Eustachio is attracted toward you.
You slash Eustachio!
Eustachio is heavily wounded.
The white imp gestures at you. The puff of frost hits you.
You die...

........# ##......#
#......#
#......##########
#...............#
+...............#
#...............#
#...............#
#..............@##+###
...............5@§......
........................
..####+##########.§.....
.. ....... .§.....
....... ...§... ....


You could see Eustachio (resistant) and a white imp (summoned).

Vanquished Creatures
  Terence (D:3)
  5 adders
  4 dart slugs (D:1)
  4 orcs (D:3)
  3 ball pythons
  6 bats
  4 endoplasms
  5 giant cockroaches
  7 goblins
  A hobgoblin (D:2)
  4 jackals (D:3)
  3 kobolds
  2 quokkas
  3 frilled lizards
  5 rats
57 creatures vanquished.

Notes
Turn   | Place    | Note
-------+----------+-------------------------------------------
     0 | D:1      | LustLizard the Demonspawn Gladiator began the quest for the
                  | Orb.
     0 | D:1      | Reached XP level 1. HP: 16/16 MP: 1/1
   190 | D:1      | Found Ucot Dea's Book Emporium.
   280 | D:1      | Gained mutation: A meltable shield of frost defends you.
                  | (SH +4) [demonic ancestry]
   280 | D:1      | Reached XP level 2. HP: 22/22 MP: 2/2
   726 | D:1      | Reached XP level 3. HP: 19/28 MP: 3/3
  1047 | D:2      | Identified the +0 cloak "Boxziydi" {Int+2 SInv Stlth+}
  1108 | D:2      | Noticed Sigmund
  1535 | D:2      | Gained mutation: You are partially covered in slimy green
                  | scales. (AC +2) [demonic ancestry]
  1535 | D:2      | Reached XP level 4. HP: 20/34 MP: 4/4
  3327 | D:3      | Noticed Terence
  3344 | D:3      | Killed Terence
  3345 | D:3      | Gained mutation: You are mostly covered in slimy green
                  | scales. (AC +3) [demonic ancestry]
  3345 | D:3      | Reached XP level 5. HP: 16/39 MP: 5/5
  3648 | D:4      | Noticed Eustachio
  3665 | D:4      | HP: 1/39 [white imp/puff of frost[Eustachio] (5)]
  3667 | D:4      | Killed from afar by a white imp

Illustrated notes

Levels and vault maps discovered:
D:1:      reono_arrival_forest_river, layout_basic, serial_shops, shop
D:2:      layout_loops_ring, reono_crystal_passage, uniq_sigmund
D:3:      layout_loops_ring, uniq_terence
D:4:      layout_gridville, mainiacjoe_overflow_big_doors, gup_sewer_entry_pipe,
          uniq_eustachio

Skill      XL: |  1  2  3 |
---------------+----------+-----
Long Blades    | 3 |  3.9
Throwing       | 2 |  2.6
Dodging        | 3 |  3.3
Fighting       | |  2.9

Action                   |  1- 3 |  4- 6 || total
-------------------------+-------+-------++-------
Melee: Long sword        |    84 |   107 ||   191
       Punch             |     2 |     2 ||     4
Throw: Stone             |     2 |       ||     2
  Use: Potion            |       |     2 ||     2
 Stab: Sleeping          |     1 |     2 ||     3
Armor: Ring mail         |    23 |    59 ||    82
Dodge: Dodged            |    48 |    73 ||   121
Block: Other             |    13 |    36 ||    49
